 Dungeon Crawl Stone Soup version 0.23.0 (webtiles) character file.

Game seed: 10105998824530468818

326 1994 the Insei (level 6, -2/42 HPs)
             Began as an Octopode Transmuter on Feb 19, 2019.
             Slain by a wight
             ... wielding a +2 short sword of flaming
              (9 damage)
             ... on level 3 of the Dungeon.
             The game lasted 00:09:19 (3641 turns).

1994 the Insei (Octopode Transmuter)                Turns: 3641, Time: 00:09:19

Health: -2/42      AC:  1    Str:  9    XL:     6   Next: 49%
Magic:  11/11      EV: 14    Int: 16    God:
Gold:   125        SH:  0    Dex: 14    Spells: 2/12 levels left

rFire    . . .     SeeInvis .     - Unarmed
rCold    . . .     Gourm    .   (no shield)
rNeg     . . .     Faith    .   (helmet restricted)
rPois    .         Spirit   .   (no amulet)
rElec    .         Reflect  .   (no ring)
rCorr    .         Harm     .   (no ring)
MR       .....                  (no ring)
Stlth    +++.......             (no ring)
HPRegen  0.14/turn              (no ring)
MPRegen  0.12/turn              (no ring)
                                (no ring)
                                (no ring)

@: appendage, drained
A: almost no armour, stealthy swim, amphibious, 8 rings, constrict 8, tentacle
spike 3, camouflage 1, gelatinous body 1
a: End Transformation


You were on level 3 of the Dungeon.
You were near starving.
One of your tentacles had a temporary spike.
You visited 1 branch of the dungeon, and saw 4 of its levels.

You collected 125 gold pieces.

Inventory:

Missiles
 a - 57 arrows
Wands
 k - a wand of acid (9)
Scrolls
 b - a scroll of fear {unknown}
 d - a scroll of identify {unknown}
 f - a scroll of amnesia {unknown}
 j - 2 scrolls of noise {unknown}
 l - a scroll of enchant weapon {unknown}
Potions
 e - 3 potions of curing {unknown}
 g - 3 potions of heal wounds {unknown}
 i - a potion of brilliance {unknown}
Comestibles
 c - 3 rations


   Skills:
 * Level 3.2(2.5) Fighting
 + Level 3.0(2.4) Dodging
 - Level 2.0(1.3) Stealth
 + Level 3.7(3.0) Unarmed Combat
 * Level 3.6(2.9) Spellcasting
 + Level 3.0(2.3) Transmutations


You had 2 spell levels left.
You knew the following spells:

 Your Spells              Type           Power        Failure   Level  Hunger
a - Beastly Appendage     Tmut           #.....       7%          1    #......
b - Sticks to Snakes      Tmut           #.......     11%         2    ##.....
c - Spider Form           Tmut/Pois      #.........   34%         3    ###....
d - Ice Form              Ice/Tmut       #.......     75%         4    #####..

Your spell library contained the following spells:

 Spells                   Type           Power        Failure   Level  Hunger
 Corona                   Hex            #......      19%         1    #......
 Ensorcelled Hibernation  Hex/Ice        #.....       28%         2    ##.....
 Confuse                  Hex            #.......     50%         3    ###....
 Dazzling Spray           Conj/Hex       #.....       50%         3    ###....
 Tukima's Dance           Hex            #.......     50%         3    ###....
 Blade Hands              Tmut           #.........   89%         5    ######.


Dungeon Overview and Level Annotations

Branches:
Dungeon (4/15)
 Temple: D:4-7

Altars:
Ashenzari
Kikubaaqudgha


Innate Abilities, Weirdness & Mutations

You cannot wear most types of armour.
You are very stealthy in the water. (Stealth+)
You are amphibious.
You can wear up to eight rings at the same time.
You can use your tentacles to constrict eight enemies at once.
Your skin changes colour to match your surroundings (Stealth+).
Your rubbery body absorbs attacks. (AC +1, EV +1)
One of your tentacles bears a large vicious spike.


Message History

The wight is moderately damaged.
You constrict the wight.
The wight hits you with a +2 short sword of flaming!
The wight burns you.
You tentacle-slap the wight.
The wight is heavily damaged.
You constrict the wight.
The wight hits you with a +2 short sword of flaming.
* * * LOW HITPOINT WARNING * * *
The wight burns you.
* * * LOW HITPOINT WARNING * * *
You tentacle-slap the wight.
You pierce the wight.
The wight is severely damaged.
You constrict the wight, but do no damage.
The wight misses you.
You tentacle-slap the wight but do no damage.
The wight is severely damaged.
You constrict the wight.
The wight hits you with a +2 short sword of flaming!
You die...

#.####.#.#..##.# #.....##.#
#.# #.#.#..##.# #.....##.#
#.# #.#.#..##.# #........#
#.# #.#.#..##.# #.##.#####
#.# #.#.#..##.###.##.#....
#.# #.#.#.................
#.####.#.#.###.###.##.#.###
#.....<#.#>................
#######...@###.#.#.##.#.###
#....z...#.#.##.#.#
#....#####.#.##.#.#
#....#####.#.##.#.#
##.#.......#.##.#.#
##.#..######.##.#.#
#.....#....#.##.#.#
#>.........#.#....#
#...########.#....#


You could see a wight.

Vanquished Creatures
  3 wights (D:3)
  A vampire bat (D:3)
  4 gnolls (D:3)
  6 adders
  2 oozes
  2 worms
  2 leopard geckos
  2 bat skeletons (D:3)
  3 bat zombies (D:3)
  5 giant cockroaches
  5 goblins
  5 hobgoblins
  6 kobolds
  A quokka (D:2)
  6 bats
  4 frilled lizards
  4 rats
61 creatures vanquished.

Notes
Turn   | Place    | Note
-------+----------+-------------------------------------------
     0 | D:1      | 1994 the Octopode Transmuter began the quest for the Orb.
     0 | D:1      | Reached XP level 1. HP: 13/13 MP: 3/3
   137 | D:1      | Reached XP level 2. HP: 13/18 MP: 5/5
   145 | D:1      | Learned a level 2 spell: Sticks to Snakes
   563 | D:1      | Reached XP level 3. HP: 12/23 MP: 6/6
   863 | D:1      | Learned a level 3 spell: Spider Form
   869 | D:2      | Reached skill level 1 in Stealth
   950 | D:2      | Found a shattered altar of Ashenzari.
  1540 | D:2      | Reached XP level 4. HP: 26/29 MP: 5/7
  2252 | D:3      | Reached XP level 5. HP: 20/35 MP: 9/9
  2794 | D:3      | Learned a level 4 spell: Ice Form
  2818 | D:3      | Found an ancient bone altar of Kikubaaqudgha.
  3053 | D:3      | Reached XP level 6. HP: 35/41 MP: 7/11
  3245 | D:3      | HP: 2/42 [wight/+2 short sword of flaming (7)]
  3641 | D:3      | Slain by a wight

Skill      XL: |  1  2  3  4  5  6 |
---------------+-------------------+-----
Stealth        | 1 2 |  2.0
Fighting       | 2 3 |  3.2
Spellcasting   | 3 |  3.6
Dodging        | 3 |  3.0
Transmutations | 3 |  3.0
Unarmed Combat | |  3.7

Action                   |  1- 3 |  4- 6 || total
-------------------------+-------+-------++-------
Melee: Unarmed           |    78 |   106 ||   184
       Constrict         |    17 |    20 ||    37
       Tentacles         |     9 |    14 ||    23
       Kick              |     7 |    19 ||    26
       Punch             |       |     2 ||     2
 Cast: Beastly Appendage |     9 |    12 ||    21
       Spider Form       |       |     2 ||     2
 Stab: Sleeping          |     8 |     9 ||    17
  Eat: Chunk             |     2 |     5 ||     7
Armor: Skin              |     5 |    11 ||    16
Dodge: Dodged            |    37 |    80 ||   117
